 Dungeon Crawl Stone Soup version 0.29.1-15-g9cfb28693d (webtiles) character file.

Game seed: 16477403464728658304

6 LLlMATKO the Chopper (level 1, 0/30 HPs)
             Began as a Minotaur Berserker on Apr 23, 2023.
             Was a Follower of Trog.
             Constricted to death by a ball python (1 damage)
             ... on level 1 of the Dungeon.
             The game lasted 00:00:25 (208 turns).

LLlMATKO the Chopper (Minotaur Berserker)            Turns: 208, Time: 00:00:25

Health: 0/30       AC:  3    Str: 21    XL:     1   Next: 75%
Magic:  0/0        EV:  9    Int:  4    God:    Trog [*.....]
Gold:   44         SH:  0    Dex:  9    Spells: 0/0 levels left

rFire   . . .      SeeInvis .   a - +0 hand axe
rCold   . . .      Faith    .   (no shield)
rNeg    . . .      Spirit   .   b - +0 animal skin
rPois   .          Reflect  .   (helmet restricted)
rElec   .          Harm     .   (no cloak)
rCorr   .          Rampage  .   c - +0 pair of gloves
Will    .....                   (no boots)
Stlth   ..........              (no amulet)
HPRegen 0.10/turn               (no ring)
MPRegen 0.07/turn               (no ring)

@: berserking, lethally poisoned (0 -> -12), constricted, very quick
A: horns 2, retaliatory headbutt
a: Renounce Religion, Berserk


You were on level 1 of the Dungeon.
You worshipped Trog.
Trog was aware of your devotion.
You visited 1 branch of the dungeon, and saw 1 of its levels.

You collected 44 gold pieces.

Inventory:

Hand Weapons
 a - a +0 hand axe (weapon)
Armour
 b - a +0 animal skin (worn)
 c - a +0 pair of gloves (worn)


   Skills:
 + Level 3.7 Fighting
 + Level 3.8 Axes
 + Level 2.6 Armour
 + Level 2.3 Dodging


You couldn't memorise any spells.
You didn't know any spells.
Your spell library was empty.

Dungeon Overview and Level Annotations

Branches:
Dungeon (1/15)

Altars:


Innate Abilities, Weirdness & Mutations

You have a pair of horns on your head.
You reflexively headbutt those who attack you in melee.


Message History

Aim: a goblin, wielding a +1 dagger of venom (severely wounded, 45% to hit)
You throw a stone. The stone closely misses the goblin.
Unknown command.
You closely miss the goblin.
The goblin is severely wounded.
The goblin hits you with a +1 dagger of venom.
You are poisoned.
The goblin hits you with a +1 dagger of venom.
You are lethally poisoned!
You closely miss the goblin. Your headbutt misses the goblin.
The goblin is moderately wounded.
You feel very sick. The goblin misses you.
You are too injured to fight recklessly!
You are too injured to fight recklessly!
You are too injured to fight recklessly!
A red film seems to cover your vision as you go berserk!
You feel yourself moving faster!
You feel mighty!
You feel very sick.
The goblin hits you with a +1 dagger of venom.
You are lethally poisoned!
You closely miss the goblin. You headbutt the goblin.
You kill the goblin!
Trog accepts your kill.
* * * LOW HITPOINT WARNING * * *
You feel very sick.
A ball python comes into view.
Found a whip.
* * * LOW HITPOINT WARNING * * *
You feel sick.
The ball python hisses angrily.
You see here a +1 dagger of venom.
You are too berserk!
You feel a strong urge to attack something.
* * * LOW HITPOINT WARNING * * *
You feel sick.
* * * LOW HITPOINT WARNING * * *
You feel sick. The ball python closely misses you. The ball python grabs you.
The ball python constricts you.
You die...

### .. .# ..
... #####.##
..#?#.#.)#
...[..## .
##...:.# .
#.$@S.##.#
###.##..)......
...#.)#.#.#.##
#.##.#####.###
#............#
##...........#
##..........#
#..........#
#..........#


You could see a ball python.

Vanquished Creatures
  2 goblins (D:1)
  2 hobgoblins (D:1)
  A rat (D:1)
5 creatures vanquished.

Notes
Turn   | Place    | Note
-------+----------+-------------------------------------------
     0 | D:1      | LLlMATKO the Minotaur Berserker began the quest for the
                  | Orb.
     0 | D:1      | Reached XP level 1. HP: 19/19 MP: 0/0
   157 | D:1      | Found a faded altar of an unknown god.
   208 | D:1      | HP: 1/30 [poisoned by a goblin]
   208 | D:1      | Constricted to death by a ball python

Illustrated notes

Levels and vault maps discovered:
D:1:      dpeg_arrival_morbid_curiosity, layout_basic,
          ebering_ecumenical_altar_petrified, hangedman_glass_garden,
          minmay_octomino_e4

Action                   || total
-------------------------++-------
Melee: Hand axe          ||    16
       Headbutt          ||     2
Throw: Stone             ||     3
Invok: Berserk           ||     1
Armor: Animal skin       ||     3
Dodge: Dodged            ||     9
